[Event "FIDE WCCC U10 2018"]
[Site "Santiago de Compostela"]
[Date "2018.11.10"]
[Round "6"]
[White "Orujov, Farid"]
[Black "Zhao, Erick"]
[Result "0-1"]
[ECO "B42"]
[WhiteElo "1643"]
[BlackElo "1957"]
[Annotator "NA RC"]
[PlyCount "102"]
[EventDate "2018.11.04"]
[EventType "swiss"]
[EventCountry "ESP"]
[SourceTitle "playchess.com"]
[Source "ChessBase"]
[SourceQuality "1"]
[TimeControl "40/5400+30:1800+30"]

1. e4 c5 2. Nf3 e6 3. d4 cxd4 4. Nxd4 a6 5. Bd3 Qc7 6. O-O Nf6 7. Qe2 d6 8. c4 Be7 9. Nc3 Nbd7 {LiveBook: 94 Games} 10. f4 b6 11. b3 {B42: Sicilian: Kan Variation: 5 Bd3} Bb7 12. Bb2 O-O 13. Rac1 Rfe8 {[#]} 14. Rfd1 $146 ({Predecessor:} 14. Bb1 Bf8 15. Nf3 g6 16. Kh1 Bg7 17. Ng5 h6 18. Nh3 Rad8 19. Nf2 Qb8 20. Rcd1 Nc5 {1-0 (57) Lobron,E (2528)-Hera,I (2619) Germany 2016}) 14... Rac8 15. Bb1 Qb8 16. Nf3 Nf8 17. e5 dxe5 18. Nxe5 Ng6 19. Bxg6 hxg6 20. Na4 Ba8 21. Nd7 Nxd7 22. Rxd7 Bc6 23. Be5 Qa8 24. Rxe7 Rxe7 25. Nxb6 Qa7 26. c5 Rd8 27. Rd1 Ree8 28. Rxd8 Rxd8 29. Qe3 Qb7 30. Qe2 Bxg2 31. Bd6 Bf3 32. Qe3 Bh1 33. Qe2 Rxd6 34. cxd6 Qxb6+ 35. Kxh1 Qxd6 36. Kg2 a5 37. Qf2 Qd5+ 38. Kg3 g5 39. fxg5 Qxg5+ 40. Kh3 e5 41. a4 f5 42. Qe2 e4 43. b4 axb4 44. a5 b3 45. a6 {[#]} b2 $1 46. a7 Qh6+ 47. Kg2 b1=Q 48. a8=Q+ Kh7 49. Qd5 Qg5+ 50. Kh3 Qf1+ 51. Qxf1 Qg4# {Qdd1} 0-1

[Event "FIDE WCCC U10 2018"]
[Site "Santiago de Compostela"]
[Date "2018.11.10"]
[Round "6"]
[White "Chen, Muye"]
[Black "Uritsky, Yonathan"]
[Result "1-0"]
[ECO "E87"]
[WhiteElo "1636"]
[BlackElo "1902"]
[Annotator "NA"]
[PlyCount "117"]
[EventDate "2018.11.04"]
[EventType "swiss"]
[EventCountry "ESP"]
[SourceTitle "playchess.com"]
[Source "ChessBase"]
[SourceQuality "1"]
[TimeControl "40/5400+30:1800+30"]

1. d4 Nf6 2. c4 g6 3. Nc3 Bg7 4. e4 d6 5. f3 O-O 6. Be3 e5 7. d5 a5 8. Bd3 Na6 9. Nge2 $14 {[%emt 0:00:29] LiveBook: 12 Games} Ne8 10. Qd2 f5 11. O-O-O c6 12. Na4 cxd5 13. Nb6 fxe4 14. Bxe4 dxe4 15. Nxa8 exf3 16. gxf3 Bf5 17. Qd5+ Rf7 18. Nb6 Nb4 19. Qxa5 Nd3+ 20. Kd2 Nxb2 21. Rc1 Nd3 22. Rcf1 Nf4 23. Ng3 Bd3 24. Rc1 Qh4 25. Qa8 Kf8 26. Qc8 Bh6 27. Qg4 Qd8 28. Rhg1 g5 29. Rc3 Bg6 30. Ra3 Nf6 31. Qc8 Qxc8 32. Nxc8 Rd7 33. Ra8 Kf7 34. Nb6 Rc7 35. Rc8 Re7 36. Rb8 e4 37. fxe4 Nxe4+ 38. Nxe4 Bxe4 39. Rd8 Ke6 40. Nc8 Rd7 41. Rxd7 Kxd7 42. Nb6+ Kc6 43. Nd5 Nxd5 44. cxd5+ Bxd5 45. a3 Be4 46. Bxg5 Bxg5+ 47. Rxg5 d5 48. Kc3 Kc5 49. h4 b5 50. Re5 Kd6 51. Kd4 Bf3 52. Rf5 Be4 53. Rh5 Ke6 54. Rh6+ Kf5 55. Rxh7 Kg4 56. Rh8 Bf3 57. Rb8 Kxh4 58. Rxb5 Kg5 59. Rxd5+ 1-0

[Event "FIDE WCCC U10 2018"]
[Site "Santiago de Compostela"]
[Date "2018.11.10"]
[Round "6"]
[White "Li Yihao"]
[Black "Materia, Marco"]
[Result "1-0"]
[ECO "C56"]
[WhiteElo "1601"]
[BlackElo "2035"]
[Annotator "NA"]
[PlyCount "95"]
[EventDate "2018.11.04"]
[EventType "swiss"]
[EventCountry "ESP"]
[SourceTitle "playchess.com"]
[Source "ChessBase"]
[SourceQuality "1"]
[TimeControl "40/5400+30:1800+30"]

1. e4 e5 2. Nf3 Nc6 3. d4 exd4 4. Bc4 Nf6 5. O-O Nxe4 6. Re1 d5 7. Bxd5 Qxd5 8. Nc3 Qd7 9. Nxe4 Be7 10. Bg5 O-O 11. Bxe7 Qxe7 12. Nxd4 Bd7 13. Nc3 Qd8 14. Nb3 Bf5 15. Qe2 Nd4 16. Nxd4 Qxd4 17. Rad1 Qg4 18. f3 $16 Qb4 19. Nd5 Qc5+ 20. Qe3 Qxe3+ 21. Rxe3 Bxc2 22. Rc1 Ba4 23. b3 Bc6 24. Ne7+ Kh8 25. Nxc6 bxc6 26. Rxc6 Rfd8 27. Rxc7 Rd1+ 28. Kf2 Rd2+ 29. Re2 Rxe2+ 30. Kxe2 Kg8 31. Kd3 a5 32. Kc4 a4 33. b4 Kf8 34. b5 Rb8 35. Kc5 Ke8 36. b6 g6 37. b7 Kd8 38. Rxf7 h6 39. Kd6 Ke8 40. Rh7 Rxb7 41. Rxb7 Kf8 42. Ra7 a3 43. Rxa3 Kf7 44. Re3 Kf6 45. a4 Kf5 46. a5 Kf4 47. Re4+ Kg5 48. a6 1-0

[Event "FIDE WCCC U10 2018"]
[Site "Santiago de Compostela"]
[Date "2018.11.10"]
[Round "6"]
[White "Bakhrillaev, Bakhrom"]
[Black "Kolesov, Gordey"]
[Result "0-1"]
[ECO "C54"]
[WhiteElo "1587"]
[BlackElo "1823"]
[Annotator "NA"]
[PlyCount "123"]
[EventDate "2018.11.04"]
[EventType "swiss"]
[EventCountry "ESP"]
[SourceTitle "playchess.com"]
[Source "ChessBase"]
[SourceQuality "1"]
[TimeControl "40/5400+30:1800+30"]

1. e4 e5 2. Nf3 Nc6 3. Bc4 Bc5 4. c3 Nf6 5. d4 exd4 6. cxd4 Bb4+ 7. Nc3 Nxe4 8. O-O Bxc3 9. d5 Ne5 10. Nxe5 Bxe5 11. Re1 d6 12. Rxe4 O-O 13. a4 Bf5 14. Re1 Qh4 15. f4 Bxf4 16. Bxf4 Qxf4 17. Qb3 Rae8 18. Rf1 Qd4+ 19. Kh1 Re5 20. Rac1 Bc8 21. Rcd1 Qe3 22. Rd3 Qe4 23. Rdf3 Rf5 24. h3 Rxf3 25. Rxf3 Re8 26. Bb5 Re7 27. Rg3 Qe1+ 28. Kh2 Qe5 29. Kh1 Qd4 30. Rf3 Re1+ 31. Rf1 Re3 32. Qc2 Re7 33. Qb3 a6 34. Bc4 Re3 35. Qc2 Qe4 36. Qf2 f6 37. Kg1 Qe5 38. Rc1 Bd7 39. Bf1 c6 40. dxc6 Bxc6 41. Qd2 Re4 42. Rd1 Rxa4 43. Qxd6 Qxd6 44. Rxd6 Rb4 45. b3 Bb5 46. Bxb5 Rxb5 47. Rd3 Kf7 48. Kf2 Ke6 49. Ke2 a5 50. Rc3 Kd6 51. g4 b6 52. Kf3 Rc5 53. Re3 Kc6 54. Kf4 Kb5 55. Kg3 Kb4 56. Re7 g5 57. Re6 Rb5 58. Rxf6 Kxb3 59. Rf5 Kb4 60. Rf7 a4 61. h4 h6 62. Rf6 0-1

[Event "FIDE WCCC U10 2018"]
[Site "Santiago de Compostela"]
[Date "2018.11.10"]
[Round "6"]
[White "Hardaway, Brewington"]
[Black "Ngo, Bach"]
[Result "1-0"]
[ECO "C41"]
[WhiteElo "1533"]
[BlackElo "1810"]
[Annotator "NA"]
[PlyCount "131"]
[EventDate "2018.11.04"]
[EventType "swiss"]
[EventCountry "ESP"]
[SourceTitle "playchess.com"]
[Source "ChessBase"]
[SourceQuality "1"]
[TimeControl "40/5400+30:1800+30"]

1. e4 d6 2. d4 Nf6 3. Nc3 e5 4. Nf3 Nbd7 5. Be2 Be7 6. O-O O-O 7. h3 c6 8. Be3 b6 9. a4 a6 10. Re1 Bb7 $11 11. dxe5 dxe5 12. Qd3 Qc7 13. Qc4 Rac8 14. b4 b5 15. Qb3 a5 16. bxa5 b4 17. Nd1 Qxa5 18. Bd3 c5 19. Nd2 Nb8 20. Nb2 Ba6 21. Bxa6 Qxa6 22. Nbc4 Nfd7 23. Nf3 Qe6 24. Rad1 Rc7 25. Rd5 Nc6 26. Red1 f5 27. Ncxe5 Ncxe5 28. Nxe5 Nxe5 29. Rxe5 Qxb3 30. cxb3 f4 31. Rxe7 Rxe7 32. Bxc5 Rxe4 33. Bxf8 Kxf8 34. Rd3 g5 35. g3 fxg3 36. fxg3 Ke7 37. Kf2 Kf6 38. Kf3 Re7 39. Rd6+ Ke5 40. Rb6 Rf7+ 41. Ke3 Rc7 42. Rb5+ Kf6 43. Rxb4 Rc3+ 44. Kf2 h5 45. a5 Rc2+ 46. Ke1 Kf5 47. a6 Rc8 48. Rb5+ Kf6 49. b4 Ra8 50. Rb6+ Ke5 51. b5 Ke4 52. Ke2 Kd4 53. Rb7 Re8+ 54. Kd2 Rf8 55. Rd7+ Kc5 56. Rb7 Kd4 57. a7 Rf2+ 58. Ke1 Ra2 59. b6 Ra1+ 60. Kd2 Ra2+ 61. Kc1 Kc3 62. Rc7+ Kd4 63. Rc2 Ra1+ 64. Kb2 Ra6 65. b7 Rb6+ 66. Kc1 1-0

[Event "FIDE WCCC U10 2018"]
[Site "Santiago de Compostela"]
[Date "2018.11.10"]
[Round "6"]
[White "Lyakh, Vasiliy"]
[Black "Tsirilman, Guy"]
[Result "1-0"]
[ECO "A45"]
[WhiteElo "1363"]
[BlackElo "1813"]
[Annotator "NA"]
[PlyCount "77"]
[EventDate "2018.11.04"]
[EventType "swiss"]
[EventCountry "ESP"]
[SourceTitle "playchess.com"]
[Source "ChessBase"]
[SourceQuality "1"]
[TimeControl "40/5400+30:1800+30"]

1. d4 Nf6 2. Bf4 g6 3. e3 Bg7 4. Nf3 O-O 5. Be2 d6 6. O-O c5 7. c3 Be6 8. Nbd2 Qb6 9. Qc2 Rc8 10. Bc4 Nd5 11. Bg3 cxd4 12. cxd4 Nc6 13. Qb3 Qxb3 14. Bxb3 Na5 15. Ba4 Nb6 16. Bb5 a6 17. Bd3 Nac4 18. b3 Nxd2 19. Nxd2 Nd5 20. Be4 Rab8 21. Bf3 Bh6 22. Rfd1 Rc2 23. Nc4 b5 24. Na3 Rb2 25. Rdb1 Rxb1+ 26. Rxb1 Nc3 27. Rb2 b4 28. Nc2 a5 29. h3 Bg7 30. Ne1 a4 31. bxa4 Bxa2 32. Nd3 b3 33. a5 Na4 34. a6 Nb6 35. Nc1 Nc4 36. a7 Rc8 37. Re2 b2 38. Rxb2 Nxb2 39. Nxa2 1-0

[Event "FIDE WCCC U10 2018"]
[Site "Santiago de Compostela"]
[Date "2018.11.11"]
[Round "7"]
[White "Royal, Shreyas"]
[Black "Lyakh, Vasiliy"]
[Result "1/2-1/2"]
[ECO "A44"]
[WhiteElo "2048"]
[BlackElo "1363"]
[Annotator "NA RC"]
[PlyCount "133"]
[EventDate "2018.11.04"]
[EventType "swiss"]
[EventCountry "ESP"]
[SourceTitle "playchess.com"]
[Source "ChessBase"]
[SourceQuality "1"]
[TimeControl "40/5400+30:1800+30"]

1. d4 c5 2. d5 e5 3. e4 d6 4. Nf3 Be7 5. Be2 Nf6 6. Nc3 a6 {[%emt 0:02:08] [#] A44: Semi-Benoni} (6... O-O 7. O-O Ne8 8. Nd2 Nd7 9. a4 g6 10. Nc4 Nb6 11. Ne3 f5 12. a5 Nd7 13. exf5 gxf5 14. f4 exf4 15. Nc4 Bg5 16. Bxf4 Bxf4 17. Rxf4 {1-0 (70) Lopez Martinez,J (2549)-Munoz Pantoja,M (2452) Mollet del Valles 2016}) 7. a4 $1 Nbd7 8. O-O {[%emt 0:01:35] LiveBook: 4 Games} h6 9. Nd2 Nf8 10. Nc4 b6 $146 ({Predecessor:} 10... g5 11. a5 Ng6 12. Re1 {1-0 (45) Asfora,M (2201)-Nunes,M (2083) Recife 2014}) 11. f4 exf4 $2 (11... N8d7 $16 12. Qe1 O-O) 12. Bxf4 Ng6 13. Bg3 O-O 14. e5 Ne8 15. exd6 Nxd6 16. Bxd6 Bxd6 17. Bh5 Bb7 18. Bxg6 fxg6 19. Qg4 Kh7 20. Rxf8 Bxf8 21. Re1 (21. Qe6 $16) 21... b5 22. Ne5 Qf6 23. axb5 axb5 24. Nd7 Qf5 $2 (24... Qd8 $1 $11 {und Schwarz muss sich keine Sorgen machen.}) 25. Qxf5 gxf5 26. Nxb5 Rd8 27. Nxf8+ Rxf8 28. Nc3 (28. c4 $142) 28... Rd8 29. Rd1 (29. b3 $142) 29... Kg6 30. Na4 Rxd5 31. Rxd5 Bxd5 32. Nxc5 Kf6 33. Nd3 g5 34. Kf2 f4 35. g3 fxg3+ 36. Kxg3 Kf5 37. b4 h5 38. h4 gxh4+ 39. Kxh4 Ke4 40. Kxh5 Kd4 41. Kg5 Kc3 42. b5 Kc4 43. Nf4 Be4 44. Ne2 Bf3 45. Kf4 Bb7 46. b6 Kb5 47. Ke5 Kxb6 48. Kd4 Kc6 49. Nc1 Kc7 50. Nb3 Bh1 51. Kc5 Be4 52. c3 Bh1 53. Nd4 Be4 54. Nb5+ Kd7 55. Nd6 Bg2 56. Nf5 Bf1 57. Ne3 Bd3 58. Kd4 Ba6 59. Nc2 Bf1 60. Nb4 Bb5 61. Nd3 Kd6 62. Nf2 Bf1 63. Ne4+ Kc6 64. Nd2 Ba6 65. Nc4 Bb5 66. Ne5+ Kd6 $11 67. Nd7 {[%emt 0:00:06] Kd5+} 1/2-1/2

[Event "FIDE WCCC U10 2018"]
[Site "Santiago de Compostela"]
[Date "2018.11.11"]
[Round "7"]
[White "Materia, Marco"]
[Black "Li, Shanglin"]
[Result "1/2-1/2"]
[ECO "B22"]
[WhiteElo "2035"]
[BlackElo "1659"]
[Annotator "NA RC"]
[PlyCount "96"]
[EventDate "2018.11.04"]
[EventType "swiss"]
[EventCountry "ESP"]
[SourceTitle "playchess.com"]
[Source "ChessBase"]
[SourceQuality "1"]
[TimeControl "40/5400+30:1800+30"]

1. e4 c5 2. c3 d5 3. exd5 Qxd5 4. d4 cxd4 5. cxd4 Nc6 6. Nf3 e6 7. Nc3 Bb4 8. Be2 Nf6 9. O-O Qd8 10. a3 Be7 11. Re1 O-O 12. Bd3 b6 13. Bc2 Ba6 14. Bg5 {[%emt 0:05:08] LiveBook: 71 Games} Rc8 15. Bb1 {[%emt 0:08:57] D42: Queen's Gambit Declined: Semi-Tarrasch: 5 cxd5 Nxd5 6 e3 Nc6 7 Bd3} (15. Rc1 h6 16. Bh4 Nd5 17. Bxe7 Ncxe7 18. Bb1 Nf6 19. Ne5 Qd6 20. Qa4 b5 21. Qa5 Rb8 22. Ba2 b4 23. axb4 Rxb4 24. Nxf7 Rxf7 25. Bxe6 {1-0 (63) Sjugirov,S (2650)-Sorokin,A (2486) Sochi 2017}) 15... Re8 $146 ({Predecessor:} 15... h6 16. Be3 Qd6 17. Qc2 Rfd8 18. b4 Bb7 19. Ne4 Qd5 20. Nxf6+ Bxf6 21. Qh7+ Kf8 22. Be4 Qd6 {½-½ (71) Levushkina,E (2278)-Drexel,M (2264) Bayern 2007}) 16. Qa4 Bb7 17. Ba2 Nd5 18. Bd2 Nxc3 19. bxc3 Bf6 20. Rad1 Qc7 21. Bg5 Bxg5 22. Nxg5 Qf4 23. Nh3 Qd6 24. Re3 (24. g3 $11) 24... Ne7 25. c4 Nf5 26. Red3 Qc6 27. Qxc6 Bxc6 28. Nf4 Ba4 29. Re1 {[%emt 0:03:01] [#]} Nd6 ({Black should try} 29... Nxd4 $1 $17 30. Rxd4 e5) 30. Rc1 Rc7 31. d5 e5 32. Ne2 Rec8 33. Rdc3 Rc5 34. h3 Bd7 35. f3 R8c7 36. f4 e4 37. Kf2 f5 38. Ke3 Kf7 39. Kd2 Kf6 40. g3 Ra5 41. Nd4 Ra4 42. Ke3 Rc5 43. Ke2 Bc8 44. h4 (44. Ke1 $17 {was called for.}) 44... Nb5 $18 (44... Ba6 $19 {and life is good for Black.} 45. Kf2 Bxc4 46. Bxc4 Rcxc4 47. Rxc4 Rxc4 48. Rxc4 Nxc4) 45. cxb5 Rxc3 46. Rxc3 Bd7 47. Rc6+ Ke7 48. d6+ Kd8 1/2-1/2

[Event "FIDE WCCC U10 2018"]
[Site "Santiago de Compostela"]
[Date "2018.11.11"]
[Round "7"]
[White "Mardov, Dimitar"]
[Black "Dang, Anh Minh"]
[Result "0-1"]
[ECO "B32"]
[WhiteElo "1985"]
[BlackElo "1817"]
[Annotator "NA RC"]
[PlyCount "112"]
[EventDate "2018.11.04"]
[EventType "swiss"]
[EventCountry "ESP"]
[SourceTitle "playchess.com"]
[Source "ChessBase"]
[SourceQuality "1"]
[TimeControl "40/5400+30:1800+30"]

1. e4 c5 2. Nf3 Nc6 3. d4 cxd4 4. Nxd4 Qb6 5. Nb3 Nf6 6. Nc3 e6 7. Bd3 a6 8. O-O Be7 9. Be3 Qc7 10. f4 d6 11. a4 b6 12. Qe2 {LiveBook: 14 Games} O-O {B33: Sicilian: Pelikan and Sveshnikov Variations} 13. h3 (13. g4 Re8 14. g5 Nd7 15. Rf3 Nb4 16. Qd2 Bb7 17. Nd4 g6 18. Nce2 Nxd3 19. cxd3 Rac8 20. Rc1 {½-½ (34) Antipov,M (2433)-Papin,V (2570) Voronezh 2012}) 13... Bb7 14. Rae1 Nb4 $146 ({Predecessor:} 14... Nd7 15. Nd1 Nb4 16. Nf2 Bh4 17. Ra1 Rac8 {½-½ (17) Jamrich,G (2310)-Brustkern,J (2255) Budapest 1998}) 15. Nd4 Nd7 16. f5 e5 17. Nb3 d5 18. exd5 Nxd5 19. Nxd5 Bxd5 20. Nd2 a5 21. c3 f6 22. Bb5 Rfd8 23. Rd1 Bc5 24. Nc4 Bxe3+ 25. Nxe3 Bb3 26. Bc4+ Bxc4 27. Qxc4+ Qxc4 28. Nxc4 Rab8 29. Rd6 Rdc8 (29... Nc5 $11) 30. Rxd7 Rxc4 31. Rfd1 h5 32. Re7 Kh7 33. Rdd7 Rg8 34. Re6 (34. Rd6 $11 Kh8 35. Rxb6) 34... Kh6 35. Rxb6 Rxa4 36. Rb5 Kg5 37. Rbb7 Kxf5 38. Rxg7 Rxg7 39. Rxg7 Ra1+ 40. Kf2 Ra2 41. Rb7 Ke4 42. Ke2 {[#]} h4 $1 43. Rb6 f5 44. Rb7 Kf4 45. Kd2 e4 46. c4 Kg3 $2 (46... Ra1 $19 {has better winning chances.} 47. c5 e3+ 48. Ke2 Rg1) 47. c5 Kf2 48. c6 e3+ 49. Kc2 e2 50. c7 $2 (50. Re7 $17 Ra4 51. b4 (51. Kd2 $2 Re4 $19) 51... axb4 52. c7) 50... e1=Q 51. c8=Q Qe4+ 52. Kc3 Ra1 53. Qc5+ Kxg2 54. Rg7+ Kxh3 55. Kd2 Qe1+ 56. Kd3 Rd1+ 0-1

[Event "FIDE WCCC U10 2018"]
[Site "Santiago de Compostela"]
[Date "2018.11.11"]
[Round "7"]
[White "Volkov, Maksim"]
[Black "Li Yihao"]
[Result "1-0"]
[ECO "A05"]
[WhiteElo "1971"]
[BlackElo "1601"]
[Annotator "NA RC"]
[PlyCount "133"]
[EventDate "2018.11.04"]
[EventType "swiss"]
[EventCountry "ESP"]
[SourceTitle "playchess.com"]
[Source "ChessBase"]
[SourceQuality "1"]
[TimeControl "40/5400+30:1800+30"]

1. Nf3 Nf6 2. c4 g6 3. b3 Bg7 4. Bb2 O-O 5. g3 d5 6. Bg2 c5 7. O-O Nc6 (7... d4 $11) 8. cxd5 Nxd5 {[%emt 0:03:45] LiveBook: 89 Games} 9. Bxg7 Kxg7 10. Qc1 Qd6 11. Na3 {[%emt 0:00:39] A05: Übergänge in verschiedene Eröffnungen} (11. Nc3 Nxc3 12. dxc3 Rd8 13. Ng5 Bf5 14. e4 Bg4 15. f3 Bd7 16. f4 f6 17. e5 Qc7 18. Ne4 b6 19. exf6+ exf6 {1-0 (41) Bukavshin,I (2618)-Eliseev,U (2514) Loo 2015}) 11... e5 $146 ({Vorgänger:} 11... b6 12. Nc4 Qd7 13. Qb2+ f6 14. d4 cxd4 15. Nxd4 Bb7 16. Rad1 Nxd4 17. Qxd4 Qb5 18. Bxd5 Rad8 19. Ne3 {1-0 (19) Naroditsky,D (2479)-Videnova,I (2313) Golden Sands 2012}) 12. Nc4 Qe6 13. Ng5 Qd7 14. Ne4 Qe7 15. Ne3 Nxe3 16. dxe3 Bg4 17. Qxc5 Bxe2 18. Rfe1 Bg4 19. Qxe7 Nxe7 20. Nd6 Rad8 21. Nc4 f6 22. Bxb7 Nd5 23. Kg2 e4 24. a3 Bf3+ 25. Kf1 Nb6 26. Rac1 Rd3 27. Na5 Rfd8 28. Ba6 Rd2 {[%emt 0:00:24] [#]} 29. Nc6 $1 R8d6 30. Nd4 Nd7 31. Be2 Ne5 32. Rc7+ Kh6 {[%emt 0:02:29] [#]} 33. Rxa7 ({White should play} 33. h3 $1 $16) 33... Ng4 34. h3 Ne5 $2 (34... Bxe2+ $11 {and Black has nothing to worry.} 35. Rxe2 (35. Nxe2 $2 Nh2+ 36. Kg2 Nf3 $19) 35... Nh2+ 36. Kg1 (36. Ke1 {leads to mate.} Nf3+ 37. Kf1 Rd1+ 38. Re1 Rxe1+ 39. Kg2 Rg1#) 36... R6xd4 37. Kxh2 Rxe2 38. exd4 Rxf2+ 39. Kh1 Rf3) 35. a4 Rd8 36. Ra6 Rc8 37. Rxf6 Bxe2+ 38. Rxe2 Rc1+ {[%emt 0:00:09] [#]} 39. Re1 $1 Rxe1+ 40. Kxe1 Rb2 41. Kf1 Nd3 42. g4 Kg5 43. Rf7 h5 44. gxh5 Kxh5 45. Kg2 g5 46. Rf6 g4 47. hxg4+ Kxg4 48. Rf8 Ne1+ 49. Kg1 Rb1 50. Kh2 Nd3 51. f3+ exf3 52. Rxf3 Rb2+ 53. Kg1 Rxb3 54. Rf4+ Nxf4 55. Nxb3 Nd5 56. Kf2 Kf5 57. Kf3 Ke5 58. a5 Nc7 59. e4 Na6 60. Ke3 Nc7 61. Nd4 $18 (61. Kd3 $142 Na6 62. Kc4) 61... Na6 62. Nf3+ Ke6 63. Kd4 Nb8 64. Kc5 Na6+ 65. Kb6 Nb8 66. a6 Nd7+ 67. Kc7 1-0

[Event "FIDE WCCC U10 2018"]
[Site "Santiago de Compostela"]
[Date "2018.11.11"]
[Round "7"]
[White "Zhao, Erick"]
[Black "Erten, Kerem"]
[Result "1-0"]
[ECO "B00"]
[WhiteElo "1957"]
[BlackElo "1807"]
[Annotator "NA RC"]
[PlyCount "103"]
[EventDate "2018.11.04"]
[EventType "swiss"]
[EventCountry "ESP"]
[SourceTitle "playchess.com"]
[Source "ChessBase"]
[SourceQuality "1"]
[TimeControl "40/5400+30:1800+30"]

1. e4 d6 2. d4 g6 3. h3 Bg7 4. Nf3 a6 5. a4 {[%emt 0:01:54] B06: Modern Defence} b6 (5... Nf6 6. Nc3 O-O 7. Be2 Nc6 8. O-O Nd7 9. Be3 e5 10. Qd2 exd4 11. Nxd4 Re8 12. Bc4 Nde5 {1-0 (35) Quparadze,G (2499)-Benidze,D (2501) Tbilisi 2018}) 6. Be3 Bb7 7. Nc3 Nd7 8. Bc4 e6 {[%emt 0:01:01] LiveBook: 5 Games} 9. Bb3 Ne7 10. O-O O-O 11. Re1 Nf6 $146 ({Predecessor:} 11... Rc8 12. Qd2 c5 13. dxc5 Nxc5 14. Bxc5 Rxc5 {½-½ (38) Underwood,J (1532)-Ziskins,I (1601) Kouty nad Desnou 2014}) 12. Bf4 c5 13. dxc5 d5 14. e5 Nd7 15. cxb6 Qxb6 16. Nd4 h6 17. h4 Nc6 18. Nxc6 Bxc6 19. Be3 Qd8 20. f4 Qxh4 21. Ne2 $11 Rad8 22. Nd4 Bb7 23. Qd2 Qe7 24. Qf2 Rc8 25. Nf3 Rc7 26. c3 Rfc8 27. Bc2 h5 28. Bd4 a5 29. Ng5 Ba6 30. Rab1 Rb7 31. b3 Rcb8 32. g3 Bf8 33. Qd2 Bh6 34. Nf3 Qd8 35. b4 Bc4 36. b5 Bf8 37. Kg2 Bc5 38. Bxc5 Nxc5 39. Nd4 Ne4 40. Qe3 Qf8 41. Nc6 Ra8 42. Qd4 Nc5 43. Rh1 Nd7 44. g4 hxg4 45. Rh4 Be2 46. Bd1 Bxd1 47. Rxd1 Nb8 48. Rdh1 Qg7 49. Nd8 Re7 50. Qc5 Re8 51. Qc7 Na6 52. Rh8+ 1-0

[Event "FIDE WCCC U10 2018"]
[Site "Santiago de Compostela"]
[Date "2018.11.11"]
[Round "7"]
[White "Cherniaiev, Tykhon"]
[Black "Wilson, Ronen"]
[Result "1/2-1/2"]
[ECO "B90"]
[WhiteElo "1940"]
[BlackElo "1761"]
[Annotator "NA RC"]
[PlyCount "159"]
[EventDate "2018.11.04"]
[EventType "swiss"]
[EventCountry "ESP"]
[SourceTitle "playchess.com"]
[Source "ChessBase"]
[SourceQuality "1"]
[TimeControl "40/5400+30:1800+30"]

1. e4 c5 2. Nf3 d6 3. d4 cxd4 4. Nxd4 Nf6 5. Nc3 a6 6. Be3 {[%emt 0:00:08] LiveBook: 18959 Games} Ng4 7. Bg5 h6 8. Bh4 g5 9. Bg3 Bg7 10. Qd2 Nc6 11. Nb3 b5 12. a3 {[%emt 0:06:57] B90: Sicilian Najdorf: Unusual White 6th moves, 6 Be3 Ng4 and 6 Be3 e5} ({Lieber} 12. h4 $14 gxh4 13. Bxh4 Nge5 14. Nd5 Nc4 15. Bxc4 bxc4 16. Nc1 Be6 17. Ne2 Rb8 18. Rb1 Bxd5 19. exd5 Ne5 {½-½ (43) Giri,A (2755)-Gelfand,B (2743) Moscow 2016}) 12... Nge5 $146 ({Predecessor:} 12... Be6 13. h4 gxh4 14. Rxh4 Rc8 15. f4 Bf6 16. Rh1 Qb6 17. Be2 Qe3 18. Qxe3 Nxe3 19. Kd2 Nc4+ 20. Bxc4 Bxc4 {0-1 (37) Kluenter,W-Breuer,M Cologne 1995}) 13. Rb1 Be6 14. Nd5 Rb8 15. Be2 Nc4 16. Qc1 Bxd5 17. exd5 N6e5 18. O-O Na5 19. Nd4 $16 Qc8 20. c3 Nec4 21. Qd1 Bxd4 22. Qxd4 O-O 23. Qd1 f5 24. h3 f4 25. Bg4 Qe8 26. Bh2 Ne5 27. Be6+ Kg7 28. Kh1 Qg6 29. f3 Nac4 30. Bg1 a5 31. Bd4 a4 32. Re1 Kh7 33. Re4 h5 34. Qe2 Rh8 35. Rf1 Rbf8 36. Kg1 Rf6 37. Bf2 Kg7 38. Bd4 Kh7 39. Re1 Kg7 40. Kh1 Kf8 41. Bxe5 dxe5 42. Bd7 g4 43. fxg4 Ne3 44. Rxe3 fxe3 45. Qxe3 hxg4 46. Qxe5 Qf7 47. Bxg4 Rf1+ 48. Rxf1 Qxf1+ 49. Kh2 Qf6 50. Qxf6+ exf6 51. Bd7 Rh5 52. Bxb5 Rxd5 53. Bxa4 Rd2 54. b3 Ra2 55. c4 Rxa3 56. c5 Ke7 57. c6 Kd6 58. h4 Ra2 59. h5 Re2 60. Kh3 f5 61. b4 Re4 62. Bc2 Rxb4 63. Bxf5 Kxc6 64. g4 Kd6 65. Kh4 Ke7 66. h6 Kf7 67. Bh7 Kf6 68. Kh5 Rb5+ 69. Kh4 Rb4 70. Kh5 Rb5+ 71. Bf5 Ra5 72. Kh4 Kf7 73. Bd3 Kg8 74. g5 Rxg5 75. Kxg5 Kh8 76. Kg6 Kg8 77. Bc4+ Kh8 78. Bf1 Kg8 79. Bg2 Kh8 80. h7 1/2-1/2

[Event "FIDE WCCC U10 2018"]
[Site "Santiago de Compostela"]
[Date "2018.11.11"]
[Round "7"]
[White "Jin Yueheng"]
[Black "Hardaway, Brewington"]
[Result "1-0"]
[ECO "E73"]
[WhiteElo "1914"]
[BlackElo "1533"]
[Annotator "NA RC"]
[PlyCount "42"]
[EventDate "2018.11.04"]
[EventType "swiss"]
[EventCountry "ESP"]
[SourceTitle "playchess.com"]
[Source "ChessBase"]
[SourceQuality "1"]
[TimeControl "40/5400+30:1800+30"]

1. d4 Nf6 2. c4 g6 3. Nc3 Bg7 4. e4 d6 5. Be2 O-O 6. Bg5 Nbd7 7. Qd2 c5 8. d5 b5 9. cxb5 a6 10. Nf3 {[%emt 0:02:44] LiveBook: 18 Games E74: King's Indian: Averbakh Variation: 6...c5} axb5 11. Bxb5 Qb6 12. O-O Ba6 13. Bxa6 Qxa6 14. Bh6 c4 $146 ({Predecessor:} 14... Bxh6 15. Qxh6 Rfb8 16. Rab1 Rb4 17. Rfe1 Rab8 18. Qd2 Ng4 19. h3 Nge5 20. Nxe5 Nxe5 {1-0 (50) Chirila,I (2542)-Griffith,K (2303) Chicago 2015}) 15. Bxg7 Kxg7 16. Qc2 Nc5 17. Nd2 Rfc8 18. Rfd1 Ng4 19. h3 Ne5 20. Nf1 Ncd3 21. Ne3 Qb6 $11 1-0

[Event "FIDE WCCC U10 2018"]
[Site "Santiago de Compostela"]
[Date "2018.11.11"]
[Round "7"]
[White "Habans Aguerrea, Javier"]
[Black "Xiao, Tong"]
[Result "1/2-1/2"]
[ECO "A40"]
[WhiteElo "1892"]
[BlackElo "2022"]
[Annotator "NA RC"]
[PlyCount "94"]
[EventDate "2018.11.04"]
[EventType "swiss"]
[EventCountry "ESP"]
[SourceTitle "playchess.com"]
[Source "ChessBase"]
[SourceQuality "1"]
[TimeControl "40/5400+30:1800+30"]

1. d4 e6 2. Nf3 Nf6 3. Bf4 c5 4. e3 Nc6 5. c3 b6 6. Bd3 Bb7 7. Nbd2 Be7 8. h3 d6 {[%emt 0:00:34] A47: 1 d4 Nf6 2 Nf3 b6: Torre, London and Colle Systems} (8... d5 9. Ne5 O-O 10. O-O Nd7 11. Nxc6 Bxc6 12. a4 a5 13. Qe2 Nf6 14. Nf3 Bb7 15. Bb5 Qc8 16. Rac1 {0-1 (51) Vachier Lagrave,M (2723)-Caruana,F (2697) Biel 2010}) 9. dxc5 $146 ({Predecessor:} 9. Qe2 O-O 10. O-O Re8 11. Rad1 cxd4 12. exd4 e5 13. dxe5 dxe5 14. Bh2 Qc8 15. Rfe1 Bc5 16. Ne4 Nxe4 17. Qxe4 g6 18. Qh4 Be7 {½-½ (44) Saveliev,A (2362)-Lobanov,S (2429) St Petersburg 2017}) 9... bxc5 10. O-O O-O 11. e4 Re8 12. Qc2 e5 13. Bh2 h6 14. Nc4 Bf8 15. Ne3 Ne7 16. Nd2 a6 17. Bc4 Qd7 18. Qd3 Ng6 19. Nd5 Nxd5 20. Bxd5 Bxd5 21. Qxd5 Nf4 22. Bxf4 exf4 23. Nc4 Qe6 24. Qxe6 fxe6 25. Rad1 Rab8 26. b3 Rbd8 27. Rd3 Rd7 28. Rfd1 Red8 29. Kf1 g5 30. f3 d5 31. exd5 Rxd5 32. Ke2 Kf7 33. Nb6 Re5+ 34. Kf2 Rxd3 35. Rxd3 Be7 36. c4 g4 37. fxg4 Bh4+ 38. Kf3 Bg3 39. h4 Re1 40. g5 h5 41. Nd7 Rf1+ 42. Ke2 Rf2+ 43. Kd1 Bxh4 44. Ne5+ ({Reject} 44. Nxc5 Rxg2 45. Rd7+ Kg6 $11) 44... Kg7 45. Rd7+ Kg8 46. Rd8+ $2 (46. Nf3 $18 Bg3 47. Rd2) 46... Kg7 $1 47. Rd7+ Kg8 $18 1/2-1/2